 Dungeon Crawl Stone Soup version 0.23-a0-641-g0a7f1ce553 (webtiles) character file.

177 Napalmbreeze the Covered (level 5, -2/49 HPs)
             Began as a Deep Dwarf Fighter on Dec 30, 2018.
             Slain by a gnoll
             ... wielding a +0 flail
              (12 damage)
             ... on level 3 of the Dungeon.
             The game lasted 00:02:13 (1551 turns).

Napalmbreeze the Covered (Deep Dwarf Fighter)       Turns: 1551, Time: 00:02:14

Health: -2/49      AC:  7    Str: 21    XL:     5   Next: 31%
Magic:  5/5        EV:  8    Int:  8    God:
Gold:   69         SH:  9    Dex: 12    Spells: 4/4 levels left

rFire    . . .     SeeInvis .   a - +0 war axe
rCold    . . .     Gourm    .   c - +0 shield
rNeg     . . .     Faith    .   b - +0 scale mail
rPois    .         Spirit   .   (no helmet)
rElec    .         Reflect  .   (no cloak)
rCorr    .         Harm     .   (no gloves)
MR       .....                  (no boots)
Stlth    ..........             (no amulet)
HPRegen  0.00/turn              (no ring)
MPRegen  0.09/turn              (no ring)

@: non-regenerating
A: damage resistance, heal wounds, sense surroundings 1, no regeneration
a: Heal Wounds


You were on level 3 of the Dungeon.
You were hungry.

You visited 1 branch of the dungeon, and saw 3 of its levels.

You collected 69 gold pieces.

Inventory:

Hand Weapons
 a - a +0 war axe (weapon)
Armour
 b - a +0 scale mail (worn)
 c - a +0 shield (worn)
Jewellery
 q - an uncursed ring of protection from cold {unknown}
Wands
 l - a wand of random effects (23)
Scrolls
 e - 2 scrolls of identify {unknown}
 g - a scroll of remove curse {unknown}
 n - a scroll of noise {unknown}
 o - a scroll of teleportation {unknown}
 r - a scroll of blinking {unknown}
Potions
 d - a potion of might
 h - a potion of agility {unknown}
 i - a potion of degeneration {unknown}
 k - a potion of ambrosia {unknown}
 m - a potion of brilliance {unknown}
 p - a potion of cancellation {unknown}
 s - 2 potions of curing {unknown}
Comestibles
 f - 8 rations
 j - 4 chunks of flesh


   Skills:
 + Level 3.2 Fighting
 * Level 4.1 Axes
 + Level 4.1 Armour
 + Level 1.5 Dodging
 + Level 4.0 Shields


You had 4 spell levels left.
You didn't know any spells.
Your spell library was empty.

Dungeon Overview and Level Annotations

Branches:
Dungeon (3/15)

Altars:


Innate Abilities, Weirdness & Mutations

You are resistant to damage.
You can heal yourself by infusing magical energy.
You passively map a small area around you.
You do not regenerate.


Message History

You are too injured to fight recklessly!
Unknown command.
You are too injured to fight recklessly!
You are too injured to fight recklessly!
You hit the gnoll but do no damage. You barely miss the gnoll.
You closely miss the gnoll. The gnoll hits you with a +0 flail.
The gnoll hits you with a +0 flail!
* * * LOW HITPOINT WARNING * * *
The gnoll hits you but does no damage.
Unknown command.
You closely miss the gnoll. You completely miss the gnoll. You hit the gnoll.
The gnoll barely misses you. x2; The gnoll hits you with a +0 flail.
* * * LOW HITPOINT WARNING * * *
Unknown command.
You hit the gnoll.
The gnoll is moderately wounded.
You barely miss the gnoll.
Your shield and scale mail prevent you from hitting the gnoll.
The gnoll hits you with a +0 flail!
You die...

#.........# #...#
#[........#########...##
#.......................
#.[..(......†.#####)÷...
#############..####.†.#.
####....(.....
##÷....###...##
#####..###.#######
#g@....###..#######
#..gg###.............
#....##[# #######.#####.
..##* #.. , #>.# ## #*
### * ##..# ** , * #...
#### * * *


You could see 3 gnolls.

Vanquished Creatures
  An orc priest (D:3)
  An orc wizard (D:3)
  5 adders
  An ooze (D:1)
  A worm (D:3)
  3 dart slugs
  A leopard gecko (D:3)
  2 orcs
  9 bats
  4 giant cockroaches
  8 goblins
  5 hobgoblins
  11 kobolds
  7 frilled lizards
  5 rats
64 creatures vanquished.

Notes
Turn   | Place    | Note
-------+----------+-------------------------------------------
     0 | D:1      | Napalmbreeze the Deep Dwarf Fighter began the quest for the
                  | Orb.
     0 | D:1      | Reached XP level 1. HP: 20/20 MP: 1/1
   109 | D:1      | Reached XP level 2. HP: 24/27 MP: 2/2
   339 | D:1      | Reached XP level 3. HP: 29/33 MP: 3/3
  1051 | D:2      | Reached XP level 4. HP: 31/42 MP: 4/4
  1388 | D:3      | Reached skill level 1 in Dodging
  1402 | D:3      | Reached XP level 5. HP: 7/49 MP: 5/5
  1551 | D:3      | Slain by a gnoll

Vault maps used:
D:1:      scummos_arrival_simple_crosswalls

Skill      XL: |  1  2  3  4 |
---------------+-------------+-----
Axes           | 3 4 |  4.1
Fighting       | 3 |  3.2
Dodging        | 1 |  1.5
Armour         | 4 |  4.1
Shields        | 4 |  4.0

Action                   |  1- 3 |  4- 6 || total
-------------------------+-------+-------++-------
Melee: War axe           |   131 |    55 ||   186
 Abil: Heal Wounds       |       |     2 ||     2
  Eat: Chunk             |     1 |     1 ||     2
Armor: Scale mail        |    69 |    33 ||   102
Dodge: Dodged            |    49 |    26 ||    75
Block: Shield            |    81 |    39 ||   120

Table legend:
 A = Non-vault XP
 B = Vault XP
 C = Vault XP percentage of total XP
 D = Non-vault monster count
 E = Vault monster count
 F = Vault count percentage of total count
                 A         B        C        D         E       F
            +---------+---------+-------+---------+---------+-------
      Total |     254 |       0 |   0.0 |      64 |       0 |   0.0
            +---------+---------+-------+---------+---------+-------
        D:1 |      45 |       0 |   0.0 |      23 |       0 |   0.0
        D:2 |      77 |       0 |   0.0 |      27 |       0 |   0.0
        D:3 |     132 |       0 |   0.0 |      14 |       0 |   0.0
            +---------+---------+-------+---------+---------+-------
